 Dungeon Crawl Stone Soup version 0.27-a0-1196-g3e9cee4cb2 (webtiles) character file.

Game seed: 7447507208915131467

0 tsouns the Sneak (level 1, 0/17 HPs)
             Began as a Vampire Wanderer on May 28, 2021.
             Slain by an adder (1 damage)
             ... on level 2 of the Dungeon.
             The game lasted 00:00:57 (237 turns).

tsouns the Sneak (Vampire Wanderer)                  Turns: 237, Time: 00:00:58

Health: 0/17       AC:  2    Str:  8    XL:     1   Next: 8%
Magic:  1/1        EV: 12    Int: 12    God:
Gold:   15         SH:  0    Dex: 18    Spells: 0/0 levels left

rFire    . . .     SeeInvis +     - Unarmed
rCold    . . .     Faith    .   (no shield)
rNeg     . . .     Spirit   .   d - +0 robe
rPois    .         Reflect  .   (no helmet)
rElec    .         Harm     .   (no cloak)
rCorr    .         Rampage  .   (no gloves)
Will     .....                  (no boots)
Stlth    +++.......             (no amulet)
HPRegen  0.25/turn              (no ring)
MPRegen  0.07/turn              (no ring)

@: lethally poisoned (0 -> -5), healing quickly
A: alive, fangs 3, see invisible, vampiric 1
a: Exsanguinate


You were on level 2 of the Dungeon.
You visited 1 branch of the dungeon, and saw 2 of its levels.

You collected 15 gold pieces.

Inventory:

Hand Weapons
 a - a +0 dagger
Armour
 d - a +0 robe (worn)
 f - a +0 scale mail
Scrolls
 c - a scroll of teleportation
 e - 2 scrolls of fear
Potions
 b - a potion of curing


   Skills:
 + Level 2.7 Fighting
 + Level 1.1 Short Blades
 - Level 2.1 Dodging
 - Level 4.4 Stealth
 - Level 1.1 Unarmed Combat


You couldn't memorise any spells.
You didn't know any spells.
Your spell library was empty.

Dungeon Overview and Level Annotations

Branches:
Dungeon (2/15)

Altars:


Innate Abilities, Weirdness & Mutations

Your natural rate of healing is accelerated.
You have razor-sharp teeth.
You have supernaturally acute eyesight. (SInv)
You are afflicted with vampirism.


Message History

The adder closely misses you.
You miss the adder.
The adder is moderately wounded.
The adder completely misses you. The adder closely misses you.
You miss the adder.
The adder is moderately wounded.
The adder barely misses you.
You hit the adder but do no damage. Your bite misses the adder.
The adder is moderately wounded.
The adder closely misses you.
You hit the adder but do no damage.
The adder is moderately wounded.
The adder misses you. The adder barely misses you.
You hit the adder.
The adder is heavily wounded.
The adder bites you.
You are poisoned.
The adder poisons you!
You miss the adder. You bite the adder, but do no damage.
The adder is heavily wounded.
You feel sick. The adder bites you.
You hit the adder but do no damage. Your bite misses the adder.
The adder is heavily wounded.
You feel sick. The adder bites you but does no damage.
You miss the adder.
The adder is heavily wounded.
You feel sick. The adder completely misses you. The adder closely misses you.
You hit the adder.
The adder is heavily wounded.
You feel sick. The adder misses you.
You closely miss the adder.
The adder is heavily wounded.
You feel sick. The adder closely misses you.
You hit the adder but do no damage. You bite the adder.
The adder is almost dead.
You feel sick. The adder bites you.
* * * LOW HITPOINT WARNING * * *
You are more poisoned.
The adder poisons you! The adder bites you.
You die...

##.##.##
##.......
#.####
##.....# #.#
##...## #.#
##'## #.#
###.###
#####.####
#......
#........#
#.#.###
#.###S##.#
#....## #@#
## #.....#
#.# .##.
#.....† #..
.>...
#...#.# ####
#...##...#.#
#..........
######.....
##.### #.#
####.###


You could see an adder.

Vanquished Creatures
  A bat (D:2)
1 creature vanquished.

Notes
Turn   | Place    | Note
-------+----------+-------------------------------------------
     0 | D:1      | tsouns the Vampire Wanderer began the quest for the Orb.
     0 | D:1      | tsouns set off with the following items: a +0 dagger, a
                  | potion of curing, a scroll of teleportation, a +0 robe, 2
                  | scrolls of fear
     0 | D:1      | Reached XP level 1. HP: 17/17 MP: 1/1
   237 | D:2      | Slain by an adder

Illustrated notes

Levels and vault maps discovered:
D:1:      noname_arrival_rooms_in_the_neighbourhood, layout_basic
D:2:      layout_loops_corners

Action                   || total
-------------------------++-------
Melee: Unarmed           ||    25
       Bite              ||     2
 Stab: Sleeping          ||     1
Armor: Robe              ||     4
Dodge: Dodged            ||    25

Table legend: (Time is in decaauts)
 A = Elapsed time spent in this place.
 B = Non-inter-level travel time spent in this place.
 C = Inter-level travel time spent in this place.
 D = Time resting spent in this place.
 E = Time spent auto-exploring this place.
 F = Levels seen in this place.
 G = Mean time per level.
                   A        B        C        D        E       F      G
               +--------+--------+--------+--------+--------+-----+--------+
         Total |    235 |    235 |      0 |      0 |    165 |   2 |  117.5 |
       Dungeon |    235 |    235 |      0 |      0 |    165 |   2 |  117.5 |
               +--------+--------+--------+--------+--------+-----+--------+

Top non-repeatable levels by time:
     D:2: 182 daAuts
     D:1: 53 daAuts
